 Dungeon Crawl Stone Soup version 0.21-a0-621-gc60411f (webtiles) character file.

21840 Gaball the Fighter (level 12, 0/141 HPs)
             Began as a Minotaur Chaos Knight on Dec 23, 2017.
             Slain by a death yak simulacrum (28 damage)
             ... in an ice cave.
             The game lasted 00:40:55 (13926 turns).

Gaball the Fighter (Minotaur Chaos Knight)         Turns: 13926, Time: 00:40:55

Health: 0/141      AC: 22    Str: 22    XL:     12   Next: 57%
Magic:  20/20      EV: 12    Int: 11    God:    Xom [...*..]
Gold:   909        SH:  0    Dex: 10    Spells: 11/11 levels left

rFire    + + +     SeeInvis +   D - +2 spear (pierce)
rCold    . . .     Gourm    .   (no shield)
rNeg     + . .     Faith    .   p - +4 chain mail {rPois}
rPois    +         Spirit   .   (helmet unavailable)
rElec    +         Reflect  .   e - +0 cloak
rCorr    .         Harm     .   m - +0 pair of gloves
MR       +....     Clarity  +   M - +0 pair of boots of Gravity {-Tele rN+ SInv} Stlth ..........NoTele +
                                o - amulet of rage
HPRegen  0.73/turn              K - ring of poison resistance
MPRegen  0.17/turn              w - ring of magical power

@: no status effects
A: retaliatory headbutt, horns 3, talons 1, molten scales 1, clarity, clever 1,
fire resistance 3, magic resistance 1, regeneration 1, robust 2, electricity
resistance
a: Renounce Religion, Evoke Berserk Rage


You were in an ice cave.
You worshipped Xom.
You were a favourite toy of Xom.
You were hungry.

You visited 2 branches of the dungeon, and saw 15 of its levels.
You also visited: Labyrinth, Sewer, Bailey and Ice Cave.

You collected 909 gold pieces.

Inventory:

Hand Weapons
 y - a +2 shortbow of velocity
 D - a +2 spear of piercing (weapon)
Missiles
 l - 20 stones (quivered)
Armour
 e - a +0 cloak (worn)
 m - a +0 pair of gloves (worn)
 p - a +4 chain mail of poison resistance (worn)
 M - the +0 pair of boots of Gravity (worn) {-Tele rN+ SInv}
   (Xom gifted it to you on level 8 of the Dungeon)

   It protects you from negative energy.
   It lets you see invisible.
   It prevents most forms of teleportation.
Jewellery
 b - an uncursed ring of protection from fire {unknown}
 d - an uncursed amulet of regeneration {unknown}
 o - an amulet of rage (around neck)
 w - a ring of magical power (right hand)
 K - a ring of poison resistance (left hand)
 O - a cursed amulet of inaccuracy {unknown}
 Z - an uncursed ring of positive energy {unknown}
Wands
 F - a wand of digging (10)
 L - a wand of enslavement (45)
 S - a wand of disintegration (13)
 T - a wand of acid (6)
 W - a wand of scattershot (5)
Scrolls
 a - a scroll of summoning
 f - 5 scrolls of amnesia
 j - 8 scrolls of teleportation
 k - 6 scrolls of enchant weapon
 u - a scroll of silence {unknown}
 B - 3 scrolls of enchant armour
 I - a scroll of fear
 P - 5 scrolls of remove curse
 U - a scroll of random uselessness {unknown}
Potions
 g - 4 potions of mutation
 h - 3 potions of curing
 n - a potion of invisibility {unknown}
 r - 3 potions of flight
 s - 2 potions of heal wounds
 t - 3 potions of brilliance
 z - 3 potions of lignification {unknown}
 A - a potion of might
 E - 2 potions of cancellation {unknown}
 R - a potion of magic {unknown}
 X - 2 potions of ambrosia {unknown}
Books
 i - a book of Maledictions

   Spells                             Type                      Level
   a - Corona                         Hexes                        1
   b - Ensorcelled Hibernation        Hexes/Ice                    2
   c - Confuse                        Hexes                        3
   d - Tukima's Dance                 Hexes                        3
   e - Dazzling Spray                 Conjuration/Hexes            3
 x - a book of Geomancy

   Spells                             Type                      Level
   a - Sandblast                      Earth                        1
   b - Passwall                       Transmutation/Earth          2
   c - Stone Arrow                    Conjuration/Earth            3
   d - Petrify                        Transmutation/Earth          4
   e - Lee's Rapid Deconstruction     Earth                        5
 H - a book of Changes

   Spells                             Type                      Level
   a - Beastly Appendage              Transmutation                1
   b - Sticks to Snakes               Transmutation                2
   c - Spider Form                    Transmutation/Poison         3
   d - Ice Form                       Ice/Transmutation            4
   e - Blade Hands                    Transmutation                5
 J - a book of Beasts

   Spells                             Type                      Level
   a - Summon Butterflies             Summoning                    1
   b - Call Canine Familiar           Summoning                    3
   c - Summon Ice Beast               Ice/Summoning                4
   d - Summon Mana Viper              Hexes/Summoning              5
   e - Summon Hydra                   Summoning                    7
 N - a book of Cantrips

   Spells                             Type                      Level
   a - Confusing Touch                Hexes                        1
   b - Animate Skeleton               Necromancy                   1
   c - Summon Small Mammal            Summoning                    1
   d - Apportation                    Translocation                1
 V - Viso's Volume of the Frostbite
   (You found it in a labyrinth)

   Spells                             Type                      Level
   a - Freeze                         Ice                          1
   b - Ozocubu's Armour               Charms/Ice                   3
   c - Ice Form                       Ice/Transmutation            4
   d - Summon Ice Beast               Ice/Summoning                4
   e - Simulacrum                     Ice/Necromancy               6
Comestibles
 c - 18 rations


   Skills:
 + Level 14.4 Fighting
 - Level 14.0 Polearms
 + Level 11.0 Armour
 + Level 9.9 Dodging


You had 11 spell levels left.
You didn't know any spells.

Dungeon Overview and Level Annotations

Branches:
Dungeon (11/15)            Temple (0/1) D:7            Lair (4/6) D:10
 Shoals (0/4) Lair:3        Snake (0/4) Lair:3
    Orc: D:9-12

Altars:
Elyvilon
Fedhas
Ru
Sif Muna
Xom

Shops:
D:6 %=


Innate Abilities, Weirdness & Mutations

You reflexively headbutt those who attack you in melee.
You have a pair of large horns on your head.
You have sharp toenails.
You are partially covered in molten scales. (AC +2)
You possess an exceptional clarity of mind.
Your mind is acute. (Int +2)
Your flesh is almost immune to the effects of heat. (rF+++)
You are resistant to hostile enchantments. (MR+)
Your natural rate of healing is unusually fast.
You are very robust. (+20% HP)
You are resistant to electric shocks. (rElec)


Message History

You hit the death yak simulacrum.
The death yak simulacrum vapourises!
Your Armour skill increases to level 11!
You hit the polar bear simulacrum.
The polar bear simulacrum is lightly damaged.
You hit the polar bear simulacrum.
The polar bear simulacrum is heavily damaged.
The polar bear simulacrum bites you! The polar bear simulacrum freezes you!
The polar bear simulacrum claws you but does no damage. x2
You feel much better.
You are too injured to fight recklessly!
You hit the polar bear simulacrum.
The polar bear simulacrum is severely damaged.
The polar bear simulacrum bites you! The polar bear simulacrum freezes you!!
The polar bear simulacrum claws you but does no damage.
The polar bear simulacrum completely misses you.
The death yak simulacrum gores you!
* * * LOW HITPOINT WARNING * * *
The death yak simulacrum freezes you!!
You die...

#### ##
##..##
##..##.Z@.##
#......Z...#
#.....§.∩.∩.#
...##.......#
. ###....##
##..## ####


You could see a death yak simulacrum and a polar bear simulacrum.

Vanquished Creatures
  Gastronok (D:8)
  A minotaur (Lab)
  Fannar (D:10)
  A hydra (Lair:3)
  2 two-headed ogres (D:10)
  The ghost of happinesssam the Charmwright, a novice DgSk (D:7)
  A manticore (Lair:3)
  Psyche (D:8)
  7 spiny frogs
  A komodo dragon (Lair:2)
  A troll (D:9)
  7 hippogriffs
  Sigmund (D:6)
  13 yaks
  A hungry ghost (D:10)
  2 wyverns
  3 basilisks (Lair:4)
  A death yak simulacrum (IceCv)
  10 water moccasins
  7 porcupines
  2 orc warriors
  3 ice beasts
  A phantom (D:9)
  A sky beast (D:10)
  3 black bears (D:10)
  5 ogres
  11 centaurs
  5 crocodiles
  2 big kobolds
  7 bullfrogs
  2 gnoll sergeants (D:7)
  2 scorpions
  5 killer bees
  4 wights
  3 howler monkeys
  An electric eel (D:10)
  6 crimson imps
  A quasit (D:5)
  2 bullfrog zombies
  A centaur zombie (D:5)
  2 jellies
  A centaur skeleton (D:5)
  7 orc priests
  5 hounds
  2 gnoll shamans (D:7)
  An iguana (D:4)
  14 orc wizards
  9 worker ants
  A polar bear simulacrum (IceCv)
  4 hound skeletons
  A howler monkey skeleton (D:8)
  A worker ant zombie (D:5)
  15 gnolls
  13 adders
  6 oozes
  2 adder skeletons
  An adder zombie (D:5)
  11 worms
  2 dart slugs
  10 leopard geckos
  50 orcs
  6 ball pythons
  13 bats
  4 giant cockroaches
  18 hobgoblins
  10 jackals
  16 kobolds
  A quokka (D:10)
  12 frilled lizards
  9 goblins
  A leopard gecko skeleton (D:4)
  A leopard gecko zombie (D:5)
  11 rats
  A fungus (D:10)
  A plant (D:10)
392 creatures vanquished.

Vanquished Creatures (collateral kills)
  A centaur skeleton (D:10)
  A spiny frog (Lair:3)
  2 komodo dragons (Lair:3)
  A wyvern (Lair:4)
  2 water moccasins (Lair:3)
  A porcupine (Lair:3)
  An ogre (D:7)
  2 centaurs (D:7)
  A jelly (D:6)
  A worker ant (D:4)
  3 orcs
  A plant (Lair:3)
17 creatures vanquished.

Vanquished Creatures (others)
  An orc (D:3)
  A goblin (D:2)
  14 fungi
  4 plants
20 creatures vanquished.

Grand Total: 429 creatures vanquished

Notes
Turn   | Place    | Note
-------+----------+-------------------------------------------
     0 | D:1      | Gaball the Minotaur Chaos Knight began the quest for the Orb.
     0 | D:1      | Reached XP level 1. HP: 19/19 MP: 0/0
    52 | D:1      | XOM: silly message
   172 | D:1      | Reached XP level 2. HP: 26/26 MP: 1/1
   369 | D:1      | XOM is BORED!
   369 | D:1      | XOM: harmless Air miscast
   479 | D:1      | XOM: harmless Hex miscast
   852 | D:2      | Reached skill level 5 in Polearms
   852 | D:2      | Reached XP level 3. HP: 26/31 MP: 2/2
   993 | D:2      | XOM: harmless Tloc miscast
  1088 | D:2      | Reached XP level 4. HP: 9/39 MP: 3/3
  1849 | D:2      | Reached XP level 5. HP: 38/45 MP: 4/4
  2368 | D:3      | XOM: medium Pois miscast
  2448 | D:3      | Found a blossoming altar of Fedhas.
  2819 | D:3      | Reached XP level 6. HP: 46/51 MP: 5/5
  2916 | D:4      | Found a white marble altar of Elyvilon.
  2997 | D:4      | XOM: polymorph worm -> scorpion
  3051 | D:4      | XOM: summons friendly crimson imp
  3094 | D:4      | Found a glowing drain.
  3112 | Sewer    | Entered a sewer
  3498 | Sewer    | XOM: swap monsters
  3626 | D:4      | Reached XP level 7. HP: 57/57 MP: 6/6
  3876 | D:5      | Entered Level 5 of the Dungeon
  3876 | D:5      | XOM: give mutations
  3876 | D:5      | Gained mutation: You expend magic power (3 MP) to strengthen your wands. [Xom's mischief]
  3892 | D:5      | XOM: polymorph orc wizard -> centaur
  3911 | D:5      | Reached skill level 10 in Polearms
  3941 | D:5      | XOM: medium Erth miscast
  3994 | D:5      | XOM: give mutations
  3994 | D:5      | Lost mutation: You expend magic power (3 MP) to strengthen your wands. [Xom's mischief]
  3994 | D:5      | Gained mutation: Your natural rate of healing is unusually fast. [Xom's mischief]
  3994 | D:5      | Gained mutation: Scrolls take you a little longer to read. [Xom's mischief]
  4137 | D:5      | XOM: give mutation
  4137 | D:5      | Gained mutation: You are clumsy. (Dex -2) [Xom's mischief]
  4193 | D:5      | XOM: summons 4 hostile shadow creatures
  4446 | D:5      | XOM: medium Air miscast
  4655 | D:5      | Reached XP level 8. HP: 64/64 MP: 7/7
  4815 | D:5      | XOM: polymorph crimson imp -> quasit
  5037 | D:6      | XOM: summons 5 friendly demons
  5069 | D:6      | Found a sacrificial altar of Ru.
  5087 | D:6      | Found Zets's Food Emporium.
  5125 | D:6      | Noticed Sigmund
  5162 | D:6      | Found Boilufie's Jewellery Emporium.
  5199 | D:6      | XOM: smoke on damage
  5324 | D:6      | XOM: divination: detect creatures
  5347 | D:6      | XOM: mild Necr miscast
  5447 | D:6      | XOM: harmless Conj miscast
  5555 | D:6      | XOM: medium Erth miscast
  5579 | D:6      | XOM: swap monsters
  5584 | D:6      | Killed Sigmund
  5584 | D:6      | Reached XP level 9. HP: 70/70 MP: 8/8
  5659 | D:6      | XOM: summons friendly quasit
  5703 | D:6      | XOM: polymorph quasit -> iron imp
  5754 | D:7      | XOM: divination: detect items
  5818 | D:7      | XOM: fog
  5860 | D:7      | XOM: scenery: create altars
  5914 | D:7      | XOM: cast spell 'Monstrous Menagerie'
  5917 | D:7      | Found a staircase to the Ecumenical Temple.
  5959 | D:7      | Reached skill level 5 in Fighting
  6012 | D:7      | XOM: god gift: scroll labeled EPLAPESU NIMMA {god gift}
  6123 | D:7      | XOM: potion effect (agility)
  6196 | D:7      | XOM: enchant monster (good)
  6336 | D:7      | XOM: summons 4 hostile demons
  6477 | D:7      | XOM: chaos upgrade
  6702 | D:7      | Noticed happinesssam's ghost (novice DgSk)
  6713 | D:7      | Killed happinesssam's ghost
  6713 | D:7      | Reached skill level 5 in Armour
  6957 | D:8      | Got a warped war axe
  6958 | D:8      | Identified the +4 war axe "Arraol" {drain, Dex+2} (You found it on level 8 of the Dungeon)
  6967 | D:8      | Noticed Psyche
  6973 | D:8      | XOM: 1-stop teleportation journey
  7085 | D:8      | Noticed Gastronok
  7110 | D:8      | XOM: harmless Air miscast
  7147 | D:8      | XOM: enchant monster (bad)
  7150 | D:8      | XOM: enchant monster (good)
  7158 | D:8      | Killed Gastronok
  7158 | D:8      | Reached skill level 5 in Dodging
  7158 | D:8      | Reached XP level 10. HP: 82/91 MP: 9/9
  7369 | D:8      | XOM: medium Erth miscast
  7431 | D:8      | XOM: polymorph killer bee -> howler monkey
  7533 | D:8      | XOM: summons friendly shadow imp
  7661 | D:8      | XOM: confuse monster(s)
  7674 | D:8      | Killed Psyche
  7674 | D:8      | Reached skill level 10 in Fighting
  7676 | D:8      | XOM: god gift: pair of heavily runed boots {god gift}
  7677 | D:8      | Got a pair of heavily runed boots {god gift}
  7683 | D:8      | Identified the +0 pair of boots of Gravity {-Tele rN+ SInv} (Xom gifted it to you on level 8 of the Dungeon)
  7686 | D:8      | XOM: give mutations
  7686 | D:8      | Gained mutation: You have sharp toenails. [Xom's grace]
  7686 | D:8      | Gained mutation: You possess an exceptional clarity of mind. [Xom's grace]
  7686 | D:8      | Gained mutation: You are covered in fur. (AC +1) [Xom's grace]
  7686 | D:8      | Gained mutation: You have a pair of large horns on your head. [Xom's grace]
  7699 | D:8      | XOM: scenery: create altars
  7907 | D:8      | XOM: give mutations
  7907 | D:8      | Gained mutation: Your mind is acute. (Int +2) [Xom's grace]
  7907 | D:8      | Gained mutation: You are resistant to electric shocks. (rElec) [Xom's grace]
  7907 | D:8      | Gained mutation: You are partially covered in molten scales. (AC +2) [Xom's grace]
  7907 | D:8      | Gained mutation: You are robust. (+10% HP) [Xom's grace]
  7922 | D:8      | XOM: give mutations
  7922 | D:8      | Gained mutation: Your flesh is heat resistant. (rF+) [Xom's grace]
  7922 | D:8      | Gained mutation: You evolve. [Xom's grace]
  7993 | D:9      | XOM: give mutations
  7993 | D:9      | Gained mutation: Your flesh is very heat resistant. (rF++) [Xom's grace]
  7993 | D:9      | Gained mutation: You are very robust. (+20% HP) [Xom's grace]
  7993 | D:9      | Gained mutation: You are resistant to hostile enchantments. (MR+) [Xom's grace]
  7993 | D:9      | Gained mutation: Your flesh is almost immune to the effects of heat. (rF+++) [Xom's grace]
  8146 | D:9      | XOM: torment (63/111 hp)
  8276 | D:9      | XOM: chaos cloud
  8416 | D:9      | Found a deep blue altar of Sif Muna.
  8442 | D:9      | XOM: severe Necr miscast
  8448 | D:9      | Lost mutation: Scrolls take you a little longer to read. [evolution]
  8652 | D:9      | XOM: cleaving
  8678 | D:9      | Reached XP level 11. HP: 102/121 MP: 10/10
  8679 | D:9      | XOM: divination: magic mapping
  8876 | D:10     | Entered Level 10 of the Dungeon
  9001 | D:10     | XOM: divination: detect creatures
  9103 | D:10     | XOM: summons friendly quasit
  9146 | D:10     | XOM: enchant monster (good)
  9253 | D:10     | Found a staircase to the Lair.
  9589 | D:10     | Found a flagged portal.
  9603 | Bailey   | Entered a bailey
  9775 | Bailey   | XOM: cloud trail
  9778 | Bailey   | XOM: god gift: 4 needles of paralysis
 10084 | D:10     | XOM: scenery: create altars
 10108 | D:10     | Noticed a two-headed ogre
 10120 | D:10     | Killed a two-headed ogre
 10295 | D:10     | Noticed a two-headed ogre
 10306 | D:10     | Killed a two-headed ogre
 10383 | D:11     | Noticed a two-headed ogre
 10427 | Lair:1   | Entered Level 1 of the Lair of Beasts
 10427 | Lair:1   | Noticed Fannar
 10437 | D:10     | XOM: potion effect (brilliance)
 10438 | D:10     | XOM: potion effect (berserk rage)
 10451 | D:10     | Killed Fannar
 10843 | Lair:1   | XOM: harmless Chrm miscast
 11012 | Lair:1   | XOM: harmless Tloc miscast
 11076 | Lair:1   | XOM: enchant monster (bad)
 11120 | Lair:1   | XOM: give mutation
 11120 | Lair:1   | Lost mutation: You are resistant to hostile enchantments. (MR+) [Xom's mischief]
 11329 | Lair:2   | XOM: potion effect (invisibility)
 11340 | Lair:2   | XOM: summons friendly white imp
 11566 | Lair:2   | XOM: harmless Ice miscast
 11636 | Lair:2   | Found a blossoming altar of Fedhas.
 11684 | Lair:2   | XOM: harmless Summ miscast
 11789 | Lair:2   | XOM: harmless Pois miscast
 11921 | Lair:3   | Found a staircase to the Shoals.
 11926 | Lair:3   | XOM: potion effect (haste)
 11959 | Lair:3   | XOM: cloud trail
 12006 | Lair:3   | XOM: potion effect (might)
 12020 | Lair:3   | Noticed a six-headed hydra
 12021 | Lair:3   | XOM: enchant monster (good)
 12031 | Lair:3   | Killed a six-headed hydra
 12031 | Lair:3   | Reached XP level 12. HP: 131/138 MP: 11/11
 12053 | Lair:3   | Paralysed by you for 5 turns
 12067 | Lair:3   | XOM is BORED!
 12067 | Lair:3   | XOM: give mutations
 12067 | Lair:3   | Lost mutation: You evolve. [Xom's mischief]
 12067 | Lair:3   | Lost mutation: You are covered in fur. (AC +1) [Xom's mischief]
 12155 | Lair:3   | Found a labyrinth entrance.
 12181 | Lair:3   | XOM: summons 10 friendly demons
 12201 | Lab      | Entered a labyrinth
 12283 | Lab      | XOM: give mutations
 12283 | Lab      | Lost mutation: You are clumsy. (Dex -2) [Xom's grace]
 12283 | Lab      | Gained mutation: You are resistant to hostile enchantments. (MR+) [Xom's grace]
 12591 | Lab      | XOM: god gift: 10 stones
 12913 | Lab      | Noticed a minotaur
 12920 | Lab      | Killed a minotaur
 12920 | Lab      | Reached skill level 10 in Armour
 12930 | Lab      | Identified Viso's Volume of the Frostbite
 13043 | Lair:3   | Found a staircase to the Snake Pit.
 13060 | Lair:3   | XOM: confuse monster(s)
 13070 | Lair:3   | XOM: cast spell 'Summon Dragon'
 13301 | Lair:3   | XOM: noise
 13531 | Lair:4   | XOM: fog
 13570 | Lair:4   | XOM: summons 12 friendly demons
 13641 | Lair:4   | XOM: cast spell 'Summon Mana Viper'
 13698 | Lair:4   | XOM: mild Air miscast
 13763 | Lair:4   | Noticed a death yak
 13763 | Lair:4   | Noticed a death yak
 13764 | Lair:4   | Noticed a death yak
 13895 | Lair:4   | Found a frozen archway.
 13907 | IceCv    | Entered an ice cave
 13926 | IceCv    | Slain by a death yak simulacrum

Vault maps used:
D:1:      minmay_arrival_five_plusses, minivault_27
D:2:      minmay_mini_jars
D:3:      fedhas_altar_1
D:4:      portal_sewer_entry_a, elyvilon_altar_3
D:5:      first_ration, small_statue_intersection
D:6:      serial_shops, shop, shop, basic_altar, sigmund_army
D:7:      kennysheep_housing_project, temple_hall
D:8:      uniq_psyche, uniq_gastronok
D:9:      led_sif_pool
D:10:     due_lair_maze_entry_diamond, enter_bailey_3
D:11:     kennysheep_orc_monster_closet_entryway, basic_altar,
          grunt_ministairs_2, nicolae_dithmenos_the_darkroom
Lair:1:   uniq_fannar
Lair:2:   lemuel_centaur_altar
Lair:3:   minmay_shoals_entry_beasts, minmay_snake_entry_six_corridors,
          lab_entry_generic
Lair:4:   portal_ice_cave_entry_pillars_1, serial_bayou_pond_e,
          beast_lair_carwin_8, serial_bayou_shore_a
Sewer:    sewer_fruit_machine
Bailey:   bailey_polearm_2, bailey
IceCv:    ice_cave_small_necro

Skill      XL: |  1  2  3  4  5  6  7  8  9 10 11 12 |
---------------+-------------------------------------+-----
Polearms       | 4 5 6 8 9 11 13 14 | 14.0
Fighting       | 9 10 13 14 | 14.4
Armour         | 6 7 9 11 | 11.0
Dodging        | 5 6 8 9 |  9.9

Action                   |  1- 3 |  4- 6 |  7- 9 | 10-12 || total
-------------------------+-------+-------+-------+-------++-------
Melee: Spear             |    89 |   311 |   599 |   900 ||  1899
       Headbutt          |    10 |    43 |    83 |   129 ||   265
Evoke: Wand              |       |       |     8 |    18 ||    26
  Use: Scroll            |       |     3 |    10 |     7 ||    20
       Potion            |       |     1 |     3 |     4 ||     8
 Stab: Paralysed         |     5 |     2 |    16 |     9 ||    32
       Petrifying        |       |     2 |     2 |       ||     4
       Confused          |       |       |     3 |     6 ||     9
       Petrified         |       |       |     3 |       ||     3
       Distracted        |       |       |     2 |     2 ||     4
       Invisible         |       |       |       |     6 ||     6
  Eat: Chunk             |       |     9 |    10 |    15 ||    34
       Ration            |       |       |     1 |     2 ||     3
Armor: Plate armour      |    30 |    91 |   213 |   231 ||   565
       Chain mail        |       |       |       |    45 ||    45
Dodge: Dodged            |     9 |    45 |   104 |   213 ||   371

Table legend:
 A = Spawn XP
 B = Non-spawn XP
 C = Spawn XP percentage of total XP
 D = Spawn monster count
 E = Non-spawn monster count
 F = Spawn count percentage of total count
 G = Total turns spent on level
                    A         B        C        D         E        F      G
               +---------+---------+-------+---------+---------+-------+---------
         Total |       0 |   31201 |   0.0 |       0 |     408 |   0.0 | 13926
               +---------+---------+-------+---------+---------+-------+---------
           D:1 |       0 |      32 |   0.0 |       0 |      18 |   0.0 |   840
           D:2 |       0 |     173 |   0.0 |       0 |      37 |   0.0 |  1136
           D:3 |       0 |     190 |   0.0 |       0 |      30 |   0.0 |   888
           D:4 |       0 |     264 |   0.0 |       0 |      20 |   0.0 |   584
           D:5 |       0 |     912 |   0.0 |       0 |      30 |   0.0 |  1207
           D:6 |       0 |    1398 |   0.0 |       0 |      37 |   0.0 |   644
           D:7 |       0 |    2379 |   0.0 |       0 |      46 |   0.0 |  1164
           D:8 |       0 |    3786 |   0.0 |       0 |      23 |   0.0 |  1085
           D:9 |       0 |    2554 |   0.0 |       0 |      26 |   0.0 |   949
          D:10 |       0 |    5831 |   0.0 |       0 |      47 |   0.0 |  1349
        Lair:1 |       0 |    1032 |   0.0 |       0 |       7 |   0.0 |   853
        Lair:2 |       0 |    1830 |   0.0 |       0 |      10 |   0.0 |   542
        Lair:3 |       0 |    4375 |   0.0 |       0 |      24 |   0.0 |   777
        Lair:4 |       0 |    4994 |   0.0 |       0 |      20 |   0.0 |   428
           Lab |       0 |    1144 |   0.0 |       0 |       1 |   0.0 |   835
         Sewer |       0 |      76 |   0.0 |       0 |      23 |   0.0 |   428
        Bailey |       0 |      21 |   0.0 |       0 |       7 |   0.0 |   196
         IceCv |       0 |     210 |   0.0 |       0 |       2 |   0.0 |    19
               +---------+---------+-------+---------+---------+-------+---------
